 Dungeon Crawl Stone Soup version 0.21.1-1-g345015fe64 (webtiles) character file.

36406 Lothor the Severer (level 13, -3/119 HPs)
             Began as a Minotaur Fighter on Apr 12, 2018.
             Was a High Priest of the Shining One.
             Slain by a death knight
             ... wielding a +3 broad axe
              (15 damage)
             ... on level 15 of the Dungeon.
             The game lasted 00:39:43 (12906 turns).

Lothor the Severer (Minotaur Fighter)              Turns: 12906, Time: 00:39:55

Health: -3/119     AC: 15    Str: 22    XL:     13   Next: 52%
Magic:  12/12      EV:  9    Int:  5    God:    the Shining One [*****.]
Gold:   912        SH: 20    Dex: 17    Spells: 12/12 levels left

rFire    + . .     SeeInvis .   a - +3 war axe
rCold    + + +     Gourm    .   e - +0 large shield
rNeg     + + .     Faith    .   n - +0 chain mail {MR+}
rPois    .         Spirit   .   (helmet restricted)
rElec    .         Reflect  .   z - scarf {rC+ rF+}
rCorr    .         Harm     .   (no gloves)
MR       +....                  d - +2 pair of boots
Stlth    ..........             D - amulet "Leav Tacu" {rC+ Regen+ Dex+3}
HPRegen  0.69/turn              x - ring of protection from cold
MPRegen  0.13/turn              C - ring of protection from magic

@: lethally poisoned (-3 -> -4), about to teleport, vulnerable, slowed, glowing,
very slow
A: retaliatory headbutt, horns 2
a: Divine Shield, Cleansing Flame, Summon Divine Warrior, Renounce Religion


You were on level 15 of the Dungeon.
You worshipped the Shining One.
The Shining One was extremely pleased with you.
You were not hungry.

You visited 2 branches of the dungeon, and saw 16 of its levels.

You collected 912 gold pieces.

Inventory:

Hand Weapons
 a - a +3 war axe (weapon)
Missiles
 p - 2 throwing nets
 w - 15 tomahawks (quivered)
 U - 5 javelins
Armour
 d - a +2 pair of boots (worn)
 e - a +0 large shield (worn)
 n - a +0 chain mail of magic resistance (worn)
 z - a scarf of resistance (worn)
Jewellery
 x - a ring of protection from cold (left hand)
 C - a ring of protection from magic (right hand)
 D - the amulet "Leav Tacu" (around neck) {rC+ Regen+ Dex+3}
   (You found it on level 4 of the Dungeon)

   [amulet of regeneration]

   It affects your dexterity (+3).
   It protects you from cold.
   It increases your rate of regeneration.
Wands
 q - a wand of digging (20)
 r - a wand of iceblast (18)
 u - a wand of flame (61)
 F - a wand of acid (3)
 H - a wand of paralysis (39)
 K - a wand of polymorph (14)
Scrolls
 b - 9 scrolls of identify
 c - 2 scrolls of enchant armour
 i - 13 scrolls of remove curse
 m - 4 scrolls of teleportation
 s - a scroll of fog
 y - 2 scrolls of immolation
 A - a scroll of blinking {unknown}
 E - a scroll of noise {unknown}
 I - a scroll of magic mapping
 M - a scroll of fear
Potions
 g - 7 potions of heal wounds {unknown}
 h - 3 potions of brilliance {unknown}
 l - a potion of curing
 t - a potion of haste
 v - a potion of magic {unknown}
 J - a potion of mutation {unknown}
 L - a potion of berserk rage {unknown}
 N - a potion of ambrosia {unknown}
 P - a potion of might
 R - 2 potions of lignification {unknown}
 T - a potion of degeneration {unknown}
Books
 j - a book of Cantrips

   Spells                             Type                      Level
   a - Confusing Touch                Hexes                        1
   b - Animate Skeleton               Necromancy                   1
   c - Summon Small Mammal            Summoning                    1
   d - Apportation                    Translocation                1
 k - a Young Poisoner's Handbook

   Spells                             Type                      Level
   a - Sting                          Conjuration/Poison           1
   b - Poisonous Vapours              Poison/Air                   2
   c - Mephitic Cloud                 Conjuration/Poison/Air       3
   d - Olgreb's Toxic Radiance        Poison                       4
   e - Venom Bolt                     Conjuration/Poison           5
 B - a book of Death

   Spells                             Type                      Level
   a - Corpse Rot                     Necromancy                   2
   b - Sublimation of Blood           Necromancy                   2
   c - Agony                          Necromancy                   5
   d - Dispel Undead                  Necromancy                   5
   e - Excruciating Wounds            Charms/Necromancy            5
   f - Bolt of Draining               Conjuration/Necromancy       5
   The Shining One disapproves of the use of such an item.
 G - a book of Maledictions

   Spells                             Type                      Level
   a - Corona                         Hexes                        1
   b - Ensorcelled Hibernation        Hexes/Ice                    2
   c - Confuse                        Hexes                        3
   d - Tukima's Dance                 Hexes                        3
   e - Dazzling Spray                 Conjuration/Hexes            3
Miscellaneous
 o - a fan of gales
Comestibles
 f - 25 rations
 O - 9 chunks of flesh


   Skills:
 + Level 12.8 Fighting
 - Level 16.2 Axes
 + Level 11.7 Armour
 + Level 4.8 Dodging
 + Level 1.0 Stealth
 + Level 13.6 Shields


You had 12 spell levels left.
You didn't know any spells.

Dungeon Overview and Level Annotations

Branches:
Dungeon (15/15)            Temple (1/1) D:6            Lair (0/6) D:9
    Orc (0/2) D:10         Vaults (0/5) D:13
 Depths: D:15

Altars:
Ashenzari
Cheibriados
Dithmenos
Elyvilon
Fedhas
Gozag
Hepliaklqana
Kikubaaqudgha
Makhleb
Nemelex Xobeh
Okawaru
Qazlal
Ru
Sif Muna
Trog
Uskayaw
Vehumet
Wu Jian
Xom
Yredelemnul
Zin
The Shining One
Beogh


Innate Abilities, Weirdness & Mutations

You reflexively headbutt those who attack you in melee.
You have a pair of horns on your head.


Message History

Your headbutt misses the death knight.
The death knight is moderately wounded.
You completely miss the wraith. You block the wraith's attack.
You slash the death knight! You headbutt the death knight.
The death knight is heavily wounded.
You hit the wraith.
The skeletal warrior hits you from afar with a halberd of venom.
You are poisoned.
The death knight hits you with an enchanted broad axe!!
* * * LOW HITPOINT WARNING * * *
The wraith hits you!
* * * LOW HITPOINT WARNING * * *
As you read the scroll of teleportation, it crumbles to dust.
You feel strangely unstable.
You feel sick.
You block the skeletal warrior's attack.
The wraith hits you!
* * * LOW HITPOINT WARNING * * *
The wraith drains your vigour!
You feel yourself slow down.
The death knight hits you with an enchanted broad axe!
You die...

.......# #.......# ###
.......# #.......# #..##
..##..####.......#
.....##.##.............#
..(.....##(...........(#
........................
.........###......###'##
........## #....#.#....#
.....##@# #....#.#....#
#..###Wp# #......#..))#
..####.Cz## #......#....#
........#### #......'....#
...........##########....#
......#..p§.......##.....#
......#.§.........##.....#
......#...........##.....#
..... #...........##.....#


You could see a death knight, a skeletal warrior, a cyclops and a wraith.

Vanquished Creatures
  4 centaur warriors
  Erica (D:8)
  5 two-headed ogres
  A catoblepas (D:13)
  A death knight (D:14)
  The ghost of BorisKarlOrff the Protected, a novice MiBe of Trog (D:10)
  2 tengu warriors (D:14)
  Urug (D:13)
  2 unseen horrors
  A wizard (D:15)
  4 harpies (D:14)
  A phantasmal warrior (D:15)
  4 manticores
  A deep elf mage (D:14)
  2 ugly things (D:13)
  The ghost of Burgietje the Fighter, a novice GrCK of Xom (D:6)
  The ghost of htuhola the Conjurer, a novice OpCj of Nemelex Xobeh (D:7)
  3 cyclopes (D:14)
  A gargoyle (D:15)
  4 freezing wraiths (D:14)
  A komodo dragon (D:12)
  A merfolk (D:12)
  A troll (D:11)
  4 slime creatures (D:12)
  The ghost of Lothor the Slinger, an amateur HaHu (D:4)
  2 hippogriffs
  2 shadows (D:13)
  3 wyverns
  2 wraiths
  18 yaks
  16 humans (D:13)
  A human (shapeshifter) (D:13)
  Eustachio (D:6)
  3 hungry ghosts
  Menkaure (D:7)
  A soldier ant (shapeshifter) (D:9)
  Duvessa (D:7)
  A water moccasin (D:13)
  5 ice beasts
  An orc warrior (D:14)
  A sky beast (D:11)
  2 eyes of draining
  7 ogres
  3 phantoms
  11 centaurs
  A crocodile (D:10)
  9 bullfrogs
  Dowan (D:7)
  4 scorpions
  A wyvern skeleton (D:13)
  9 killer bees
  15 wights
  A howler monkey (D:7)
  4 crimson imps
  A quasit (D:9)
  4 centaur zombies
  A bullfrog zombie (D:5)
  2 jellies
  5 orc priests
  3 centaur skeletons
  Crazy Yiuf (D:2)
  6 hounds
  2 bullfrog skeletons
  Natasha (thrice) (D:2)
  3 iguanas
  9 orc wizards
  8 worker ants
  2 hound zombies
  2 hound skeletons
  Robin (D:2)
  4 gnolls
  6 adders
  5 shadow imps
  3 oozes
  An adder zombie (D:7)
  An adder skeleton (D:4)
  2 dart slugs
  6 leopard geckos
  23 orcs
  7 giant cockroaches
  7 hobgoblins
  13 jackals
  4 kobolds
  3 quokkas
  6 ball pythons
  4 bats
  6 frilled lizards
  17 goblins
  14 rats
361 creatures vanquished.

Notes
Turn   | Place    | Note
-------+----------+-------------------------------------------
     0 | D:1      | Lothor the Minotaur Fighter began the quest for the Orb.
     0 | D:1      | Reached XP level 1. HP: 19/19 MP: 0/0
    39 | D:1      | Reached skill level 3 in Axes
    72 | D:1      | Reached XP level 2. HP: 19/26 MP: 1/1
   413 | D:1      | Reached skill level 4 in Axes
   509 | D:1      | Reached XP level 3. HP: 28/31 MP: 2/2
  1177 | D:2      | Noticed Natasha
  1187 | D:2      | Killed Natasha
  1187 | D:2      | Reached skill level 5 in Axes
  1240 | D:2      | Reached XP level 4. HP: 30/39 MP: 3/3
  1747 | D:2      | Noticed Robin
  1752 | D:2      | Noticed Natasha
  1758 | D:2      | Killed Robin
  1761 | D:2      | Killed Natasha
  1761 | D:2      | Reached skill level 6 in Axes
  1796 | D:2      | Found a runed door.
  1926 | D:2      | Noticed Natasha
  1929 | D:2      | Killed Natasha
  1929 | D:2      | Reached XP level 5. HP: 35/45 MP: 4/4
  1977 | D:2      | Noticed Crazy Yiuf
  1985 | D:2      | Killed Crazy Yiuf
  2312 | D:3      | Reached skill level 7 in Axes
  2518 | D:3      | Found a sparkling altar of Nemelex Xobeh.
  2988 | D:4      | Reached XP level 6. HP: 51/51 MP: 5/5
  3001 | D:4      | Reached skill level 8 in Axes
  3073 | D:4      | Noticed Lothor's ghost (amateur HaHu)
  3092 | D:4      | Killed Lothor's ghost
  3092 | D:4      | Reached skill level 9 in Axes
  3092 | D:4      | Reached XP level 7. HP: 42/57 MP: 6/6
  3354 | D:4      | Got a smoking emerald amulet
  3545 | D:5      | Entered Level 5 of the Dungeon
  3776 | D:5      | Reached skill level 10 in Axes
  4525 | D:6      | Reached skill level 11 in Axes
  4740 | D:6      | Identified the amulet "Leav Tacu" {rC+ Regen+ Dex+3} (You found it on level 4 of the Dungeon)
  4752 | D:6      | Noticed Eustachio
  4755 | D:6      | Noticed Burgietje's ghost (novice GrCK)
  4766 | D:6      | Killed Eustachio
  4766 | D:6      | Reached XP level 8. HP: 63/64 MP: 7/7
  4788 | D:6      | Killed Burgietje's ghost
  4788 | D:6      | Reached skill level 12 in Axes
  4801 | D:6      | Found a staircase to the Ecumenical Temple.
  4816 | Temple   | Entered the Ecumenical Temple
  4943 | Temple   | Became a worshipper of the Shining One
  5192 | D:6      | Reached skill level 13 in Axes
  5626 | D:7      | Found a hazy altar of Hepliaklqana.
  5650 | D:7      | Noticed htuhola's ghost (novice OpCj)
  5673 | D:7      | Reached XP level 9. HP: 65/70 MP: 8/8
  5683 | D:7      | Killed htuhola's ghost
  5683 | D:7      | Reached skill level 14 in Axes
  5714 | D:7      | Noticed Dowan
  5715 | D:7      | Noticed Duvessa
  5730 | D:7      | Killed Duvessa
  5730 | D:7      | Killed Dowan
  5834 | D:7      | Noticed Menkaure
  5844 | D:7      | Killed Menkaure
  5854 | D:7      | Reached * piety under the Shining One
  5916 | D:7      | Reached skill level 15 in Axes
  6753 | D:8      | Noticed Erica
  6764 | D:8      | Killed Erica
  6764 | D:8      | Reached skill level 16 in Axes
  6764 | D:8      | Reached XP level 10. HP: 77/77 MP: 9/9
  7162 | D:8      | Noticed a two-headed ogre
  7177 | D:8      | Killed a two-headed ogre
  7177 | D:8      | Reached skill level 1 in Dodging
  7367 | D:9      | Reached ** piety under the Shining One
  7367 | D:9      | Reached skill level 5 in Shields
  7385 | D:9      | Reached skill level 5 in Armour
  7421 | D:9      | Reached skill level 5 in Fighting
  7452 | D:9      | Noticed a two-headed ogre
  7600 | D:9      | Killed a two-headed ogre
  7650 | D:9      | Found a staircase to the Lair.
  7998 | D:10     | Entered Level 10 of the Dungeon
  8060 | D:10     | Reached XP level 11. HP: 64/92 MP: 10/10
  8282 | D:10     | Noticed an unseen horror
  8293 | D:10     | Killed an unseen horror
  8400 | D:10     | Found a staircase to the Orcish Mines.
  8429 | D:10     | Noticed BorisKarlOrff's ghost (novice MiBe)
  8453 | D:10     | Killed BorisKarlOrff's ghost
  8874 | D:11     | Noticed a two-headed ogre
  8882 | D:11     | Killed a two-headed ogre
  9003 | D:11     | Found a stormy altar of Qazlal.
  9260 | D:11     | Reached *** piety under the Shining One
  9618 | D:12     | Found a roughly hewn altar of Beogh.
  9848 | D:12     | Reached skill level 10 in Fighting
 10286 | D:13     | Noticed a centaur warrior
 10291 | D:13     | Killed a centaur warrior
 10291 | D:13     | Reached XP level 12. HP: 97/106 MP: 11/11
 10300 | D:13     | Noticed a two-headed ogre
 10357 | D:13     | Killed a two-headed ogre
 10357 | D:13     | Reached skill level 1 in Stealth
 10357 | D:13     | Reached skill level 10 in Shields
 10359 | D:13     | Noticed a centaur warrior
 10384 | D:13     | Killed a centaur warrior
 10384 | D:13     | Reached skill level 10 in Armour
 10416 | D:13     | Found a gate to the Vaults.
 10427 | D:13     | Reached **** piety under the Shining One
 10473 | D:13     | Noticed Urug
 10493 | D:13     | Killed Urug
 10691 | D:13     | Noticed a catoblepas
 10710 | D:13     | Killed a catoblepas
 11448 | D:13     | Noticed a two-headed ogre
 11454 | D:13     | Killed a two-headed ogre
 11504 | D:14     | Noticed a tengu warrior
 11505 | D:14     | Noticed a tengu warrior
 11527 | D:14     | Killed a tengu warrior
 11528 | D:14     | Killed a tengu warrior
 11638 | D:14     | Reached XP level 13. HP: 92/118 MP: 6/12
 11971 | D:14     | Found a shimmering altar of Xom.
 11972 | D:14     | Found a shimmering altar of Xom.
 11973 | D:14     | Found a shimmering altar of Xom.
 11974 | D:14     | Found a shimmering altar of Xom.
 11974 | D:14     | Found a shimmering altar of Xom.
 11974 | D:14     | Found a shimmering altar of Xom.
 11975 | D:14     | Found a shimmering altar of Xom.
 11988 | D:14     | Found a shimmering altar of Xom.
 12162 | D:14     | Reached ***** piety under the Shining One
 12535 | D:15     | Entered Level 15 of the Dungeon
 12906 | D:15     | Slain by a death knight

Skill      XL: |  1  2  3  4  5  6  7  8  9 10 11 12 13 |
---------------+----------------------------------------+-----
Axes           | 3 4 5 6 7 9 11 13 16 | 16.2
Fighting       | 7 10 12 | 12.8
Armour         | 7 9 11 | 11.7
Dodging        | 2 3 4 |  4.8
Shields        | 6 9 12 13 | 13.6
Stealth        | 1 |  1.0

Action                   |  1- 3 |  4- 6 |  7- 9 | 10-12 | 13-15 || total
-------------------------+-------+-------+-------+-------+-------++-------
Melee: War axe           |    74 |   138 |   291 |   599 |   153 ||  1255
       Headbutt          |    12 |    23 |    52 |   160 |    49 ||   296
  Use: Scroll            |       |       |     8 |     8 |     1 ||    17
       Potion            |       |       |     2 |     3 |     2 ||     7
  Eat: Chunk             |     1 |     6 |    11 |    16 |     4 ||    38
       Ration            |       |       |     1 |     1 |       ||     2
Armor: Scale mail        |    25 |       |       |       |       ||    25
       Chain mail        |    15 |    67 |   104 |   186 |    38 ||   410
Dodge: Dodged            |    33 |    24 |    34 |   116 |    37 ||   244
Block: Shield            |    35 |    69 |   139 |    95 |       ||   338
       Large shield      |       |       |       |   267 |   172 ||   439
